 Dungeon Crawl Stone Soup version 0.28-a0-1080-g05a166d0ed (webtiles) character file.

Game seed: 1561370540219031279

0 spiderkeys the Ducker (level 1, -33/13 HPs)
             Began as a Deep Elf Abyssal Knight on Dec 10, 2021.
             Was a Follower of Lugonu.
             Killed from afar by a will-o-the-wisp (34 damage)
             ... with a foxfire
             ... on level 1 of the Abyss.
             The game lasted 00:00:40 (240 turns).

spiderkeys the Ducker (Deep Elf Abyssal Knight)      Turns: 240, Time: 00:00:41

Health: -33/13     AC:  4    Str: 10    XL:     1   Next: 0%
Magic:  4/4        EV: 12    Int: 14    God:    Lugonu [*.....]
Gold:   20         SH:  0    Dex: 15    Spells: 0/0 levels left

rFire   . . .      SeeInvis .   a - +1 short sword
rCold   . . .      Faith    .   (no shield)
rNeg    . . .      Spirit   .   b - +0 leather armour
rPois   .          Reflect  .   c - +0 helmet
rElec   .          Harm     .   (no cloak)
rCorr   .          Rampage  .   (no gloves)
Will    .....                   (no boots)
Stlth   +.........              (no amulet)
HPRegen 0.04/turn               (no ring)
MPRegen 0.09/turn               (no ring)

@: no status effects
A: no striking features
a: Renounce Religion, Depart the Abyss


You were on level 1 of the Abyss.
You worshipped Lugonu.
Lugonu was aware of your devotion.
You visited 0 branches of the dungeon, and saw 0 of its levels.
You visited the Abyss 1 time.

You collected 20 gold pieces.


   Skills:
 + Level 2.4 Fighting
 + Level 2.0 Short Blades
 + Level 0.7 Armour
 + Level 2.4 Dodging
 + Level 2.0 Invocations


You couldn't memorise any spells.
You didn't know any spells.
Your spell library was empty.

Inventory:

Hand Weapons
 a - a +1 short sword (weapon)
Armour
 b - a +0 leather armour (worn)
 c - a +0 helmet (worn)
   (You found it on level 1 of the Abyss)

Dungeon Overview and Level Annotations

Branches:
Dungeon (0/15)

Altars:

## #.§### #
###.## #
##..#.###
.##..###.§##
.###..vv§4v###
#.#.##.#v§#x@!#
#. ..#......#..#
....#.#..X#..##
##...#.....##..
## #..
...#.........#
..###.##.#..##.##
. #.#.........#.
.#. ..... ##.....
#......... ..# #


You could see a large abomination, a will-o-the-wisp, a chaos spawn and a small
abomination.


Message History

🤖 Initializing magus.rc ... ✅ Successfully initialized magus.rc [v1.9.10] Welcome, spiderkeys the Deep Elf Abyssal Knight.
The heart of this dungeon contains the breathtaking artefact, the Orb of Zot.
Lugonu says: Depart the Abyss and spread corruption, my servant! (use the ability menu to exit the Abyss) Press ? for a list of commands and other information.
Found a helmet.
Found a corrupted altar of Lugonu.
c - a +0 helmet You start putting on your armour.
You continue putting on your +0 helmet. x4
You finish putting on your +0 helmet.
You enter the shallow water.
Moving in this stuff is going to be slow.
d - a scroll labelled NEUSTRUMOUR Key pressed, stopping explore.
You now have 11 gold pieces.
A spatial vortex comes into view.
The spatial vortex moves out of view.
A spatial vortex comes into view. x2
You now have 20 gold pieces (gained 9).
A ynoxinul comes into view.
The ynoxinul bellows!
As you read the scroll labelled NEUSTRUMOUR, it crumbles to dust.
It is a scroll of identify.
You don't have any unidentified items.
A small abomination comes into view.
The ynoxinul gestures.
The ynoxinul gestures.
The ufetubus barely misses you.
The ufetubus hits you but does no damage.
The ufetubus hits you. x2 😮 HP[-5]
You take 5 damage, and now have 8/13 hp.
MASSIVE DAMAGE!! (PAUSE)
The ufetubus hits you.
* * * LOW HITPOINT WARNING * * *
The ufetubus hits you but does no damage. 😨 HP[-2]
You take 2 damage, and now have 6/13 hp.
The ufetubus misses you. The ufetubus completely misses you.
The ufetubus hits you.
* * * LOW HITPOINT WARNING * * *
The ufetubus barely misses you.
The ufetubus hits you but does no damage.
The ufetubus barely misses you. 😨 HP[-1]
You take 1 damage, and now have 5/13 hp.
The ufetubus closely misses you. The ufetubus barely misses you.
The ufetubus completely misses you. The ufetubus closely misses you.
The ufetubus barely misses you. x2
You enter the shallow water.
Moving in this stuff is going to be slow.
The ufetubus misses you.
The ufetubus hits you but does no damage.
The ufetubus splashes around in the water.
The ufetubus hits you but does no damage. 😨 HP[+1]
The ufetubus hits you.
* * * LOW HITPOINT WARNING * * *
The ufetubus closely misses you. 😨 HP[-1]
You take 1 damage, and now have 5/13 hp.
The ufetubus misses you.
The ufetubus hits you but does no damage.
The ufetubus hits you but does no damage.
The ufetubus hits you.
* * * LOW HITPOINT WARNING * * *
😱 HP[-4]
You take 4 damage, and now have 1/13 hp.
MASSIVE DAMAGE!! (PAUSE)
The ufetubus hits you but does no damage. x2
A chaos spawn comes into view.
The chaos spawn barks!
The ufetubus misses you.
The ufetubus hits you but does no damage.
The ufetubus disappears in a puff of smoke!
The ufetubus barely misses you. x2
The ufetubus disappears in a puff of smoke!
The chaos spawn completely misses you.
The will-o-the-wisp gives a chilling moan. 😱 HP[+1]
The chaos spawn barely misses you.
The will-o-the-wisp gestures.
The will-o-the-wisp conjures some foxfire!
A foxfire comes into view.
The chaos spawn hits you.
* * * LOW HITPOINT WARNING * * *
😱 HP[-1]
You take 1 damage, and now have 1/13 hp.
The will-o-the-wisp gestures.
The will-o-the-wisp conjures some foxfire! 2 foxfires come into view.
The foxfire hits you!!
Ouch! That really hurt!
You die...

Action                   || total
-------------------------++-------
  Use: Scroll            ||     1
Armor: Leather armour    ||    10
Dodge: Dodged            ||    19

Levels and vault maps discovered:
Abyss:1:  base: Temple, base: Temple, minivault_13

Notes
Turn   | Place    | Note
-------+----------+-------------------------------------------
     0 | Abyss:1  | spiderkeys the Deep Elf Abyssal Knight began the quest for
                  | the Orb.
     0 | Abyss:1  | Reached XP level 1. HP: 13/13 MP: 4/4
     0 | Abyss:1  | magus.rc [v1.9.10]
   144 | Abyss:1  | Noticed a spatial vortex
   150 | Abyss:1  | Noticed a spatial vortex
   150 | Abyss:1  | Noticed a spatial vortex
   174 | Abyss:1  | Noticed a ynoxinul
   178 | Abyss:1  | Noticed a small abomination
   201 | Abyss:1  | HP: 1/13 [ufetubus[a ynoxinul] (4)]
   204 | Abyss:1  | Noticed a chaos spawn
   209 | Abyss:1  | Noticed a large abomination
   209 | Abyss:1  | Noticed a will-o-the-wisp
   234 | Abyss:1  | HP: 1/13 [chaos spawn (1)]
   240 | Abyss:1  | Killed from afar by a will-o-the-wisp

Vanquished Creatures (others)
  2 foxfires (Abyss:1)
2 creatures vanquished.

Table legend:
 A = Non-vault XP
 B = Vault XP
 C = Vault XP percentage of total XP
 D = Non-vault monster count
 E = Vault monster count
 F = Vault count percentage of total count
                 A         B        C        D         E       F
            +---------+---------+-------+---------+---------+-------
      Total |       0 |       0 |   N/A |       0 |       0 |  -nan
            +---------+---------+-------+---------+---------+-------
            +---------+---------+-------+---------+---------+-------

Illustrated notes

Table legend: (Time is in decaauts)
 A = Elapsed time spent in this place.
 B = Non-inter-level travel time spent in this place.
 C = Inter-level travel time spent in this place.
 D = Time resting spent in this place.
 E = Time spent auto-exploring this place.
 F = Levels seen in this place.
 G = Mean time per level.
                   A        B        C        D        E       F      G
               +--------+--------+--------+--------+--------+-----+--------+
         Total |    243 |    243 |      0 |      0 |    142 |   1 |  243.0 |
         Abyss |    243 |    243 |      0 |      0 |    142 |   1 |  243.0 |
               +--------+--------+--------+--------+--------+-----+--------+

Top non-repeatable levels by time:
 Abyss:1: 243 daAuts
